Stars vs Sharks
Created - February 28, 2019 at 20:27
Goals
|
| Stars |
0 |
1 |
0 |
1 |
| Sharks |
0 |
1 |
2 |
3 |
|
Shots
|
| Stars |
7 |
17 |
12 |
36 |
| Sharks |
5 |
12 |
15 |
32 |
|
1st period
No Goal
Penalties :
Nikolai Kulemin (SJS) for Roughing (Minor) at 0:21, Ian White (Dal) for Holding (Minor) at 3:31, Milan Michalek (SJS) for High sticking (Minor) at 8:37, Nick Palmieri (SJS) for Tripping (Minor) at 15:29
2nd period
1. Sharks , Adam Larsson 3 (T.J. Hensick 22, Milan Michalek 24) at 12:25
2. Stars , John Tavares 34 (Guillaume Latendresse 23) at 16:35 (PP)
Penalties :
Milan Michalek (SJS) for Slashing (Minor) at 2:29, Nick Palmieri (SJS) for Hooking (Minor) at 16:24
3rd period
3. Sharks , T.J. Hensick 12 (Nick Palmieri 18, Andrew MacDonald 2) at 11:36 (PP)
4. Sharks , Oskar Osala 16 (Stefan Ruzicka 1, Rob Schremp 16) at 14:50
Penalties :
Maxim Afinogenov (SJS) for Hooking (Minor) at 1:27, Drew Fata (Dal) for Holding (Minor) at 7:09, Michael Grabner (Dal) for Hooking (Minor) at 10:59, Drew Fata (Dal) for Holding (Minor) at 12:27
Goalie Stats
Jhonas Enroth (Dal), 29 saves from 32 shots - (0.906), L, 13-8-5, 60:00 minutes
Brent Krahn (SJS), 35 saves from 36 shots - (0.972), W, 3-6-2, 60:00 minutes
Players Stats for Stars
Player Name G A P +/- PIM S H SB GA TA FO MP PP MP PK MP
------------------------------------------------------------------------------------
Alex Chiasson 0 0 0 0 0 0 1 0 0 0 0/0 11:39 0:25 0:00
Antoine Vermette 0 0 0 0 0 3 3 1 0 0 13/29 19:08 4:02 0:02
B.J. Crombeen 0 0 0 0 0 0 0 1 0 0 0/1 13:41 4:26 0:00
Boris Valabik 0 0 0 0 0 0 0 0 0 0 0/0 10:02 0:00 0:07
Brian Lee 0 0 0 -1 0 2 2 0 0 0 0/0 19:53 4:47 2:11
Cory Emmerton 0 0 0 0 0 7 1 0 1 0 6/11 12:19 0:00 1:05
Drew Fata 0 0 0 -2 4 2 3 1 0 0 0/0 28:21 5:19 1:54
Dustin Penner 0 0 0 -2 0 1 2 0 1 0 0/0 8:56 0:22 0:47
Evgeny Artyukhin 0 0 0 -1 0 1 1 0 0 1 0/0 7:02 0:00 0:00
Evgeny Grachev 0 0 0 -1 0 1 1 1 0 0 2/3 7:02 0:00 0:00
Guillaume Latendresse 0 1 1 0 0 2 2 0 1 0 0/1 19:15 5:37 4:02
Ian White 0 0 0 -1 2 0 3 2 0 0 0/0 28:34 5:19 3:06
John Tavares 1 0 1 -1 0 6 3 0 0 0 13/23 19:45 5:37 4:08
Johnny Oduya 0 0 0 -1 0 1 1 3 0 1 0/0 19:53 4:47 2:11
Jussi Jokinen 0 0 0 0 0 5 1 0 0 0 0/1 20:19 4:04 1:32
Michael Grabner 0 0 0 0 2 2 1 0 1 0 1/1 21:28 5:03 1:32
Niklas Hjalmarsson 0 0 0 0 0 2 0 0 0 0 0/0 14:07 0:00 3:39
Patrick Sharp 0 0 0 0 0 1 2 0 0 0 0/0 11:58 0:42 0:00
Players Stats for Sharks
Player Name G A P +/- PIM S H SB GA TA FO MP PP MP PK MP
------------------------------------------------------------------------------------
Adam Larsson 1 0 1 1 0 2 0 0 0 1 0/0 10:33 0:00 0:45
Andrej Sekera 0 0 0 1 0 1 1 1 0 0 0/0 21:50 1:46 5:34
Andrew MacDonald 0 1 1 0 0 0 2 2 0 0 0/0 28:14 4:48 4:19
Darren Helm 0 0 0 0 0 0 1 0 0 0 1/2 8:39 0:00 1:38
Drew Doughty 0 0 0 0 0 4 0 1 0 1 0/0 29:06 4:48 5:18
Jiri Tlusty 0 0 0 0 0 1 1 0 0 0 0/0 6:40 0:00 0:00
Jordan LaVallee 0 0 0 0 0 2 0 0 0 0 0/0 9:25 0:00 2:04
Luke Adam 0 0 0 0 0 2 0 1 0 0 6/19 14:41 4:44 0:00
Maxim Afinogenov 0 0 0 1 2 5 3 1 0 0 1/1 23:30 4:44 2:35
Maxim Kondratiev 0 0 0 1 0 0 1 1 0 1 0/0 9:10 0:00 0:00
Milan Michalek 0 1 1 1 4 4 1 1 0 0 3/3 23:27 4:44 2:50
Nate Prosser 0 0 0 1 0 0 0 2 0 0 0/0 21:07 1:46 4:16
Nick Palmieri 0 1 1 0 4 1 2 1 2 0 0/0 11:26 1:50 0:00
Nikolai Kulemin 0 0 0 0 2 1 0 2 0 0 0/0 12:06 1:50 0:20
Oskar Osala 1 0 1 1 0 2 1 0 0 0 0/0 10:26 0:00 0:00
Rob Schremp 0 1 1 1 0 2 1 0 0 1 7/16 15:47 0:00 5:16
Stefan Ruzicka 0 1 1 1 0 1 1 0 0 0 4/5 13:18 0:00 2:27
T.J. Hensick 1 1 2 1 0 4 5 0 0 0 13/24 20:23 1:50 3:02
3 Stars
1 - Brent Krahn (SJS)
2 - T.J. Hensick (SJS)
3 - Oskar Osala (SJS)
Power Play
Stars - 1 on 6 Attempt(s) - 16.67%
Sharks - 1 on 4 Attempt(s) - 25.00%
Penalty Kill
Stars - 3 on 4 Attempt(s) - 75.00%
- Score 0 goal in Penalty Kill
Sharks - 5 on 6 Attempt(s) - 83.33%
- Score 0 goal in Penalty Kill
Team Stat
Stars - Hits : 27 - Faceoff Wins : 35 - Blocked Shots : 9 - Penalty Minutes : 8
Sharks - Hits : 20 - Faceoff Wins : 35 - Blocked Shots : 13 - Penalty Minutes : 12
Official
Referees : Unknown
Linesman : Unknown
Game Notes
No Game Note
Finance
Level 1 -- Attendance: 4076 (67.93%) -- Ticket Income $387,220
Level 2 -- Attendance: 3373 (67.46%) -- Ticket Income $219,245
Level 3 -- Attendance: 1196 (59.80%) -- Ticket Income $53,820
Level 4 -- Attendance: 3853 (96.33%) -- Ticket Income $96,325
Luxury Box -- Attendance: 693 (69.30%) -- Ticket Income $128,205
Game was played at the Hockey Place Center.
Total Attendance: 13191 (73.28%)
Total Ticket Income: $884,815
Other Income: $132,722
Total Income: $1,017,537
Stars
5 vs 5 Forward
Center Left Wing Right Wing Time % Phy DF OF
1 Antoine Vermette Jussi Jokinen Michael Grabner 40 1 2 2
2 John Tavares Guillaume Latendresse B.J. Crombeen 30 1 2 2
3 Cory Emmerton Patrick Sharp Alex Chiasson 20 1 2 2
4 Evgeny Grachev Dustin Penner Evgeny Artyukhin 10 1 2 2
5 vs 5 Defense
Defense Defense Time % Phy DF OF
1 Drew Fata Ian White 40 1 2 2
2 Brian Lee Johnny Oduya 30 1 2 2
3 Boris Valabik Niklas Hjalmarsson 20 1 2 2
4 Drew Fata Ian White 10 1 2 2
PowerPlay Forward
Center Left Wing Right Wing Time % Phy DF OF
1 John Tavares Guillaume Latendresse Michael Grabner 60 0 2 3
2 Antoine Vermette Jussi Jokinen B.J. Crombeen 40 0 2 3
PowerPlay Defense
Defense Defense Time % Phy DF OF
1 Drew Fata Ian White 60 0 2 3
2 Brian Lee Johnny Oduya 40 0 2 3
Penalty Kill 4 Players Forward
Center Wing Time % Phy DF OF
1 John Tavares Guillaume Latendresse 60 0 3 2
2 Jussi Jokinen Michael Grabner 40 0 3 2
Penalty Kill 4 Players Defense
Defense Defense Time % Phy DF OF
1 Drew Fata Ian White 60 0 3 2
2 Brian Lee Johnny Oduya 40 0 3 2
Penalty Kill - 3 Players Forward
Forward Time % Phy DF OF
1 John Tavares 60 0 3 2
2 Guillaume Latendresse 40 0 3 2
Penalty Kill - 3 Players Defense
Defense Defense Time % Phy DF OF
1 Drew Fata Ian White 60 0 3 2
2 Brian Lee Johnny Oduya 40 0 3 2
4 vs 4 Forward
Center Wing Time % Phy DF OF
1 John Tavares Guillaume Latendresse 60 1 2 2
2 Jussi Jokinen Michael Grabner 40 1 2 2
4 vs 4 Defense
Defense Defense Time % Phy DF OF
1 Drew Fata Ian White 60 1 2 2
2 Brian Lee Johnny Oduya 40 1 2 2
Last Minutes Offensive
Center Left Wing Right Wing Defense Defense
John Tavares Guillaume Latendresse Michael Grabner Drew Fata Ian White
Last Minutes Defensive
Center Left Wing Right Wing Defense Defense
John Tavares Guillaume Latendresse Michael Grabner Drew Fata Ian White
Goaltenders
Starting : Jhonas Enroth
Backup : Mike Brodeur
Extra Forwards
Normal : Patrick Sharp, Alex Chiasson, Cory Emmerton - PP : Patrick Sharp, Alex Chiasson - PK : Cory Emmerton
Extra Defensemen
Normal : Boris Valabik, Niklas Hjalmarsson, Brian Lee - PP : Boris Valabik - PK : Niklas Hjalmarsson, Brian Lee
Penalty Shots
John Tavares, Guillaume Latendresse, Jussi Jokinen, Michael Grabner, Patrick Sharp
Scratches
None
Sharks
5 vs 5 Forward
Center Left Wing Right Wing Time % Phy DF OF
1 T.J. Hensick Milan Michalek Maxim Afinogenov 40 1 1 3
2 Luke Adam Nikolai Kulemin Nick Palmieri 30 1 2 2
3 Rob Schremp Oskar Osala Stefan Ruzicka 20 1 2 2
4 Darren Helm Jordan LaVallee Jiri Tlusty 10 1 2 2
5 vs 5 Defense
Defense Defense Time % Phy DF OF
1 Drew Doughty Andrew MacDonald 40 1 2 2
2 Andrej Sekera Nate Prosser 30 1 2 2
3 Maxim Kondratiev Adam Larsson 20 1 2 2
4 Drew Doughty Andrew MacDonald 10 1 2 2
PowerPlay Forward
Center Left Wing Right Wing Time % Phy DF OF
1 Luke Adam Milan Michalek Maxim Afinogenov 60 1 1 3
2 T.J. Hensick Nikolai Kulemin Nick Palmieri 40 1 1 3
PowerPlay Defense
Defense Defense Time % Phy DF OF
1 Drew Doughty Andrew MacDonald 60 1 2 2
2 Andrej Sekera Nate Prosser 40 1 2 2
Penalty Kill 4 Players Forward
Center Wing Time % Phy DF OF
1 Rob Schremp Milan Michalek 60 1 4 0
2 Maxim Afinogenov T.J. Hensick 40 1 4 0
Penalty Kill 4 Players Defense
Defense Defense Time % Phy DF OF
1 Drew Doughty Andrej Sekera 60 1 4 0
2 Andrew MacDonald Nate Prosser 40 1 4 0
Penalty Kill - 3 Players Forward
Forward Time % Phy DF OF
1 Rob Schremp 60 1 4 0
2 Milan Michalek 40 1 4 0
Penalty Kill - 3 Players Defense
Defense Defense Time % Phy DF OF
1 Drew Doughty Andrej Sekera 60 1 4 0
2 Andrew MacDonald Nate Prosser 40 1 4 0
4 vs 4 Forward
Center Wing Time % Phy DF OF
1 Luke Adam Milan Michalek 60 1 2 2
2 Maxim Afinogenov T.J. Hensick 40 1 2 2
4 vs 4 Defense
Defense Defense Time % Phy DF OF
1 Drew Doughty Andrej Sekera 60 1 2 2
2 Andrew MacDonald Nate Prosser 40 1 2 2
Last Minutes Offensive
Center Left Wing Right Wing Defense Defense
Luke Adam Milan Michalek Maxim Afinogenov Drew Doughty Andrew MacDonald
Last Minutes Defensive
Center Left Wing Right Wing Defense Defense
Luke Adam Milan Michalek Maxim Afinogenov Drew Doughty Andrej Sekera
Goaltenders
Starting : Brent Krahn
Backup : Tyler Weiman
Extra Forwards
Normal : Oskar Osala, Rob Schremp, Stefan Ruzicka - PP : Oskar Osala, Rob Schremp - PK : Stefan Ruzicka
Extra Defensemen
Normal : Maxim Kondratiev, Adam Larsson, Andrew MacDonald - PP : Maxim Kondratiev - PK : Adam Larsson, Andrew MacDonald
Penalty Shots
Luke Adam, Milan Michalek, Maxim Afinogenov, T.J. Hensick, Nick Palmieri
Scratches
Ben Lovejoy (Left Forearm Injury), Jason Spezza (Suspend), Mark Giordano (Healthy), Bobby Butler (Healthy), Brendon Nash (Healthy)
% Time on Ice - Stars
Lines # - Real PCT - Wanted PCT - Time Play
Normal Forward
1 - 36% - 40% - 15:47
2 - 21% - 30% - 9:17
3 - 26% - 20% - 11:14
4 - 16% - 10% - 7:02
Normal Defense
1 - 46% - 40% - 19:57
2 - 30% - 30% - 12:55
3 - 22% - 20% - 9:30
4 - 2% - 10% - 0:58
PP Forward
1 - 56% - 60% - 5:37
2 - 44% - 40% - 4:29
PP Defense
1 - 53% - 60% - 5:19
2 - 47% - 40% - 4:47
PK Forward
1 - 77% - 60% - 5:02
2 - 23% - 40% - 1:32
PK Defense
1 - 67% - 60% - 4:23
2 - 33% - 40% - 2:11
PK3 Forward
1 - 0% - 60%
2 - 0% - 40%
PK3 Defense
1 - 0% - 60%
2 - 0% - 40%
44 Forward
1 - 0% - 60%
2 - 0% - 40%
44 Defense
1 - 0% - 60%
2 - 0% - 40%
Last Minute Offensive - 0:00
Last Minute Defensive - 0:00
Total
Forward - 60:00
Defense - 60:00
|
% Time on Ice - Sharks
Lines # - Real PCT - Wanted PCT - Time Play
Normal Forward
1 - 36% - 40% - 15:43
2 - 24% - 30% - 10:31
3 - 24% - 20% - 10:26
4 - 15% - 10% - 6:40
Normal Defense
1 - 42% - 40% - 18:22
2 - 35% - 30% - 15:10
3 - 21% - 20% - 9:10
4 - 1% - 10% - 0:38
PP Forward
1 - 72% - 60% - 4:44
2 - 28% - 40% - 1:50
PP Defense
1 - 73% - 60% - 4:48
2 - 27% - 40% - 1:46
PK Forward
1 - 70% - 60% - 7:04
2 - 30% - 40% - 3:02
PK Defense
1 - 55% - 60% - 5:34
2 - 45% - 40% - 4:32
PK3 Forward
1 - 0% - 60%
2 - 0% - 40%
PK3 Defense
1 - 0% - 60%
2 - 0% - 40%
44 Forward
1 - 0% - 60%
2 - 0% - 40%
44 Defense
1 - 0% - 60%
2 - 0% - 40%
Last Minute Offensive - 0:00
Last Minute Defensive - 0:00
Total
Forward - 60:00
Defense - 60:00
|
Play-by-Play
1st period
0:01 of 1st period - Antoine Vermette wins face-off versus T.J. Hensick in neutral zone.
0:03 of 1st period - Ian White is hit by T.J. Hensick and loses puck.
0:12 of 1st period - Wrist shot by Michael Grabner.
0:12 of 1st period - Deflect By Antoine Vermette.
0:12 of 1st period - Shot Blocked by Andrew MacDonald.
0:12 of 1st period - Puck is out of play.
0:13 of 1st period - John Tavares wins face-off versus Luke Adam in Sharks zone.
0:16 of 1st period - Snap shot by Guillaume Latendresse.
0:16 of 1st period - Stopped by Brent Krahn without a rebound.
0:17 of 1st period - John Tavares wins face-off versus Luke Adam in Sharks zone.
0:21 of 1st period - Minor Penalty to Nikolai Kulemin for Roughing.
0:22 of 1st period - John Tavares wins face-off versus Rob Schremp in Sharks zone.
1:12 of 1st period - Johnny Oduya is hit by Andrew MacDonald and loses puck.
2:21 of 1st period - Penalty to Nikolai Kulemin is over, Nikolai Kulemin is back on ice.
2:43 of 1st period - Icing by Nikolai Kulemin.
2:44 of 1st period - Evgeny Grachev wins face-off versus Luke Adam in Sharks zone.
3:14 of 1st period - Off-side.
3:15 of 1st period - Cory Emmerton wins face-off versus Rob Schremp in neutral zone.
3:31 of 1st period - Minor Penalty to Ian White for Holding.
3:32 of 1st period - John Tavares wins face-off versus Luke Adam in Stars zone.
4:15 of 1st period - Snap shot by Michael Grabner.
4:15 of 1st period - Shot Blocked by Drew Doughty.
4:28 of 1st period - Snap shot by Nick Palmieri.
4:28 of 1st period - Stopped by Jhonas Enroth without a rebound.
4:29 of 1st period - John Tavares wins face-off versus Luke Adam in Stars zone.
4:42 of 1st period - Wrist shot by Milan Michalek.
4:42 of 1st period - Stopped by Jhonas Enroth with a rebound.
4:44 of 1st period - Slapshot by Andrej Sekera.
4:44 of 1st period - Deflect By John Tavares.
4:44 of 1st period - Stopped by Jhonas Enroth without a rebound.
4:45 of 1st period - Milan Michalek wins face-off versus John Tavares in Stars zone.
5:08 of 1st period - Snap shot by Michael Grabner.
5:08 of 1st period - Shot Misses the Net.
5:18 of 1st period - Snap shot by Michael Grabner.
5:18 of 1st period - Stopped by Brent Krahn without a rebound.
5:19 of 1st period - Luke Adam wins face-off versus John Tavares in Sharks zone.
5:31 of 1st period - Penalty to Ian White is over, Ian White is back on ice.
5:52 of 1st period - Rob Schremp is hit by Drew Fata and loses puck.
6:05 of 1st period - Wrist shot by Cory Emmerton.
6:05 of 1st period - Stopped by Brent Krahn without a rebound.
6:06 of 1st period - Darren Helm wins face-off versus Cory Emmerton in Sharks zone.
6:06 of 1st period - Darren Helm is hit by Patrick Sharp.
6:32 of 1st period - Jussi Jokinen is hit by Milan Michalek.
6:58 of 1st period - Adam Larsson is hit by John Tavares and loses puck.
8:08 of 1st period - Slapshot by Jussi Jokinen.
8:08 of 1st period - Stopped by Brent Krahn with a rebound.
8:28 of 1st period - Wrist shot by Guillaume Latendresse.
8:28 of 1st period - Stopped by Brent Krahn without a rebound.
8:29 of 1st period - Maxim Afinogenov wins face-off versus Antoine Vermette in Sharks zone.
8:37 of 1st period - Minor Penalty to Milan Michalek for High sticking.
8:38 of 1st period - John Tavares wins face-off versus Rob Schremp in Sharks zone.
9:18 of 1st period - Snap shot by Jussi Jokinen.
9:18 of 1st period - Shot Blocked by Nate Prosser.
10:37 of 1st period - Penalty to Milan Michalek is over, Milan Michalek is back on ice.
11:11 of 1st period - Alex Chiasson is hit by Andrej Sekera.
11:17 of 1st period - Slapshot by T.J. Hensick.
11:17 of 1st period - Shot Misses the Net.
11:27 of 1st period - Backhand shot by Cory Emmerton.
11:27 of 1st period - Shot Misses the Net.
11:29 of 1st period - Wrist shot by Niklas Hjalmarsson.
11:29 of 1st period - Stopped by Brent Krahn without a rebound.
11:30 of 1st period - Evgeny Grachev wins face-off versus Luke Adam in Sharks zone.
11:55 of 1st period - Adam Larsson is hit by Brian Lee and loses puck.
12:06 of 1st period - Slapshot by Guillaume Latendresse.
12:06 of 1st period - Shot Misses the Net.
12:36 of 1st period - Maxim Kondratiev is hit by Ian White and loses puck.
13:05 of 1st period - Snap shot by Jiri Tlusty.
13:05 of 1st period - Shot Misses the Net.
13:17 of 1st period - Wrist shot by Jordan LaVallee.
13:17 of 1st period - Deflect By Darren Helm.
13:17 of 1st period - Shot Misses the Net.
13:17 of 1st period - Puck is out of play.
13:18 of 1st period - T.J. Hensick wins face-off versus John Tavares in Stars zone.
13:25 of 1st period - Wrist shot by Maxim Afinogenov.
13:25 of 1st period - Shot Blocked by B.J. Crombeen.
13:35 of 1st period - Snap shot by Guillaume Latendresse.
13:35 of 1st period - Shot Misses the Net.
13:45 of 1st period - Nick Palmieri is hit by Drew Fata and loses puck.
13:51 of 1st period - Off-side.
13:52 of 1st period - Luke Adam wins face-off versus Antoine Vermette in neutral zone.
14:54 of 1st period - Icing by Maxim Afinogenov.
14:55 of 1st period - T.J. Hensick wins face-off versus Antoine Vermette in Sharks zone.
14:55 of 1st period - T.J. Hensick is hit by Antoine Vermette.
15:07 of 1st period - Snap shot by Jussi Jokinen.
15:07 of 1st period - Stopped by Brent Krahn without a rebound.
15:08 of 1st period - Antoine Vermette wins face-off versus Luke Adam in Sharks zone.
15:29 of 1st period - Minor Penalty to Nick Palmieri for Tripping.
15:30 of 1st period - Rob Schremp wins face-off versus John Tavares in Sharks zone.
15:45 of 1st period - Milan Michalek is hit by Ian White and loses puck.
15:56 of 1st period - Ian White is hit by Maxim Afinogenov and loses puck.
16:03 of 1st period - Slapshot by Brian Lee.
16:03 of 1st period - Deflect By Guillaume Latendresse.
16:03 of 1st period - Shot Misses the Net.
16:03 of 1st period - Puck is out of play.
16:04 of 1st period - Antoine Vermette wins face-off versus Rob Schremp in Sharks zone.
16:29 of 1st period - Milan Michalek is hit by Johnny Oduya and loses puck.
17:29 of 1st period - Penalty to Nick Palmieri is over, Nick Palmieri is back on ice.
18:21 of 1st period - Andrew MacDonald is hit by Alex Chiasson and loses puck.
19:06 of 1st period - Wrist shot by Jordan LaVallee.
19:06 of 1st period - Stopped by Jhonas Enroth with a rebound.
19:08 of 1st period - Slapshot by Jordan LaVallee.
19:08 of 1st period - Deflect By Ian White.
19:08 of 1st period - Shot Blocked by Ian White.
19:08 of 1st period - Puck is out of play.
19:09 of 1st period - T.J. Hensick wins face-off versus Antoine Vermette in Stars zone.
19:10 of 1st period - Snap shot by Maxim Afinogenov.
19:10 of 1st period - Deflect By Milan Michalek.
19:10 of 1st period - Stopped by Jhonas Enroth with a rebound.
Goals for this period are 0 for Stars vs 0 for Sharks.
Shots for this period are 7 for Stars vs 5 for Sharks.
2nd period
0:01 of 2nd period - Antoine Vermette wins face-off versus T.J. Hensick in neutral zone.
0:06 of 2nd period - Backhand shot by Jussi Jokinen.
0:06 of 2nd period - Stopped by Brent Krahn with a rebound.
0:26 of 2nd period - Drew Doughty is hit by Ian White.
0:49 of 2nd period - Luke Adam is hit by Cory Emmerton and loses puck.
1:00 of 2nd period - Wrist shot by Cory Emmerton.
1:00 of 2nd period - Stopped by Brent Krahn with a rebound.
1:30 of 2nd period - Slapshot by Nate Prosser.
1:30 of 2nd period - Shot Misses the Net.
2:13 of 2nd period - Wrist shot by Cory Emmerton.
2:13 of 2nd period - Stopped by Brent Krahn with a rebound.
2:15 of 2nd period - Snap shot by Ian White.
2:15 of 2nd period - Shot Blocked by Milan Michalek.
2:23 of 2nd period - Snap shot by Patrick Sharp.
2:23 of 2nd period - Shot Misses the Net.
2:29 of 2nd period - Minor Penalty to Milan Michalek for Slashing.
2:30 of 2nd period - Rob Schremp wins face-off versus John Tavares in Sharks zone.
2:39 of 2nd period - John Tavares is hit by Stefan Ruzicka and loses puck.
2:50 of 2nd period - Stefan Ruzicka is hit by John Tavares and loses puck.
3:07 of 2nd period - Snap shot by Jussi Jokinen.
3:07 of 2nd period - Stopped by Brent Krahn with a rebound.
3:57 of 2nd period - Johnny Oduya is hit by T.J. Hensick and loses puck.
4:04 of 2nd period - Drew Doughty is hit by Guillaume Latendresse and loses puck.
4:29 of 2nd period - Penalty to Milan Michalek is over, Milan Michalek is back on ice.
4:45 of 2nd period - Snap shot by Luke Adam.
4:45 of 2nd period - Shot Misses the Net.
4:47 of 2nd period - Slapshot by Maxim Kondratiev.
4:47 of 2nd period - Shot Blocked by Ian White.
5:03 of 2nd period - Wrist shot by Cory Emmerton.
5:03 of 2nd period - Stopped by Brent Krahn without a rebound.
5:04 of 2nd period - Cory Emmerton wins face-off versus T.J. Hensick in Sharks zone.
5:05 of 2nd period - Slapshot by Alex Chiasson.
5:05 of 2nd period - Shot Blocked by Maxim Kondratiev.
5:08 of 2nd period - Icing by Maxim Kondratiev.
5:09 of 2nd period - Antoine Vermette wins face-off versus T.J. Hensick in Sharks zone.
5:22 of 2nd period - Snap shot by Antoine Vermette.
5:22 of 2nd period - Stopped by Brent Krahn without a rebound.
5:23 of 2nd period - T.J. Hensick wins face-off versus Antoine Vermette in Sharks zone.
5:32 of 2nd period - Slapshot by Drew Doughty.
5:32 of 2nd period - Stopped by Jhonas Enroth with a rebound.
5:34 of 2nd period - Wrist shot by Maxim Afinogenov.
5:34 of 2nd period - Deflect By Milan Michalek.
5:34 of 2nd period - Stopped by Jhonas Enroth without a rebound.
5:35 of 2nd period - T.J. Hensick wins face-off versus Antoine Vermette in Stars zone.
5:38 of 2nd period - Wrist shot by Maxim Afinogenov.
5:38 of 2nd period - Stopped by Jhonas Enroth without a rebound.
5:39 of 2nd period - Antoine Vermette wins face-off versus T.J. Hensick in Stars zone.
5:39 of 2nd period - Antoine Vermette is hit by T.J. Hensick.
5:44 of 2nd period - Off-side.
5:45 of 2nd period - Antoine Vermette wins face-off versus T.J. Hensick in neutral zone.
6:56 of 2nd period - Wrist shot by Drew Doughty.
6:56 of 2nd period - Deflect By Jussi Jokinen.
6:56 of 2nd period - Stopped by Jhonas Enroth with a rebound.
7:04 of 2nd period - Snap shot by Michael Grabner.
7:04 of 2nd period - Stopped by Brent Krahn with a rebound.
7:06 of 2nd period - Snap shot by Drew Fata.
7:06 of 2nd period - Shot Misses the Net.
7:08 of 2nd period - Wrist shot by Antoine Vermette.
7:08 of 2nd period - Stopped by Brent Krahn without a rebound.
7:09 of 2nd period - John Tavares wins face-off versus Luke Adam in Sharks zone.
7:14 of 2nd period - Wrist shot by B.J. Crombeen.
7:14 of 2nd period - Shot Misses the Net.
7:36 of 2nd period - Johnny Oduya is hit by Darren Helm and loses puck.
7:59 of 2nd period - Snap shot by Evgeny Grachev.
7:59 of 2nd period - Stopped by Brent Krahn with a rebound.
8:01 of 2nd period - Wrist shot by Evgeny Artyukhin.
8:01 of 2nd period - Shot Blocked by Nate Prosser.
8:03 of 2nd period - Wrist shot by Evgeny Artyukhin.
8:03 of 2nd period - Stopped by Brent Krahn with a rebound.
8:05 of 2nd period - Slapshot by Boris Valabik.
8:05 of 2nd period - Shot Blocked by Andrej Sekera.
8:49 of 2nd period - Maxim Kondratiev is hit by Dustin Penner and loses puck.
9:36 of 2nd period - Nick Palmieri is hit by Antoine Vermette and loses puck.
10:11 of 2nd period - Slapshot by Evgeny Grachev.
10:11 of 2nd period - Shot Misses the Net.
10:13 of 2nd period - Wrist shot by Dustin Penner.
10:13 of 2nd period - Deflect By Evgeny Grachev.
10:13 of 2nd period - Shot Misses the Net.
10:13 of 2nd period - Puck is out of play.
10:14 of 2nd period - Antoine Vermette wins face-off versus T.J. Hensick in Sharks zone.
10:21 of 2nd period - Boris Valabik is hit by Andrew MacDonald and loses puck.
10:26 of 2nd period - Wrist shot by Milan Michalek.
10:26 of 2nd period - Stopped by Jhonas Enroth without a rebound.
10:27 of 2nd period - T.J. Hensick wins face-off versus John Tavares in Stars zone.
10:58 of 2nd period - Wrist shot by Jussi Jokinen.
10:58 of 2nd period - Shot Misses the Net.
11:00 of 2nd period - Wrist shot by Antoine Vermette.
11:00 of 2nd period - Stopped by Brent Krahn with a rebound.
11:02 of 2nd period - Snap shot by Jussi Jokinen.
11:02 of 2nd period - Deflect By Michael Grabner.
11:02 of 2nd period - Shot Blocked by Nikolai Kulemin.
11:02 of 2nd period - Puck is out of play.
11:03 of 2nd period - Rob Schremp wins face-off versus Antoine Vermette in Sharks zone.
12:13 of 2nd period - Slapshot by Maxim Afinogenov.
12:13 of 2nd period - Shot Misses the Net.
12:15 of 2nd period - Backhand shot by Maxim Afinogenov.
12:15 of 2nd period - Shot Misses the Net.
12:21 of 2nd period - Snap shot by Milan Michalek.
12:21 of 2nd period - Shot Blocked by Evgeny Grachev.
12:23 of 2nd period - Snap shot by T.J. Hensick.
12:23 of 2nd period - Shot Misses the Net.
12:25 of 2nd period - Slapshot by Adam Larsson.
12:25 of 2nd period - Goal by Adam Larsson - Stars : 0 - Sharks : 1.
12:26 of 2nd period - Luke Adam wins face-off versus Antoine Vermette in neutral zone.
12:29 of 2nd period - Snap shot by Nikolai Kulemin.
12:29 of 2nd period - Stopped by Jhonas Enroth with a rebound.
12:31 of 2nd period - Snap shot by Luke Adam.
12:31 of 2nd period - Stopped by Jhonas Enroth with a rebound.
12:33 of 2nd period - Slapshot by Drew Doughty.
12:33 of 2nd period - Shot Blocked by Johnny Oduya.
12:35 of 2nd period - Snap shot by Luke Adam.
12:35 of 2nd period - Shot Misses the Net.
12:51 of 2nd period - Wrist shot by Rob Schremp.
12:51 of 2nd period - Stopped by Jhonas Enroth with a rebound.
12:57 of 2nd period - Snap shot by John Tavares.
12:57 of 2nd period - Stopped by Brent Krahn with a rebound.
12:59 of 2nd period - Wrist shot by John Tavares.
12:59 of 2nd period - Stopped by Brent Krahn with a rebound.
13:13 of 2nd period - Drew Fata is hit by Jiri Tlusty and loses puck.
13:33 of 2nd period - Icing by Nate Prosser.
13:34 of 2nd period - Luke Adam wins face-off versus Evgeny Grachev in Sharks zone.
13:47 of 2nd period - Wrist shot by Nikolai Kulemin.
13:47 of 2nd period - Shot Misses the Net.
13:59 of 2nd period - Milan Michalek is hit by Michael Grabner and loses puck.
14:17 of 2nd period - Icing by Ian White.
14:18 of 2nd period - Antoine Vermette wins face-off versus Rob Schremp in Stars zone.
14:35 of 2nd period - Off-side.
14:36 of 2nd period - T.J. Hensick wins face-off versus Antoine Vermette in neutral zone.
15:10 of 2nd period - Nikolai Kulemin is hit by Guillaume Latendresse.
15:26 of 2nd period - Slapshot by Rob Schremp.
15:26 of 2nd period - Stopped by Jhonas Enroth without a rebound.
15:27 of 2nd period - Stefan Ruzicka wins face-off versus Antoine Vermette in Stars zone.
15:31 of 2nd period - Snap shot by Stefan Ruzicka.
15:31 of 2nd period - Stopped by Jhonas Enroth without a rebound.
15:32 of 2nd period - T.J. Hensick wins face-off versus Antoine Vermette in Stars zone.
15:33 of 2nd period - Slapshot by Maxim Afinogenov.
15:33 of 2nd period - Shot Misses the Net.
15:35 of 2nd period - Slapshot by Nate Prosser.
15:35 of 2nd period - Shot Misses the Net.
15:37 of 2nd period - Slapshot by Maxim Afinogenov.
15:37 of 2nd period - Stopped by Jhonas Enroth with a rebound.
16:24 of 2nd period - Minor Penalty to Nick Palmieri for Hooking.
16:25 of 2nd period - John Tavares wins face-off versus Rob Schremp in Sharks zone.
16:35 of 2nd period - Wrist shot by John Tavares.
16:35 of 2nd period - Goal by John Tavares - Stars : 1 - Sharks : 1.
16:36 of 2nd period - T.J. Hensick wins face-off versus Antoine Vermette in neutral zone.
16:47 of 2nd period - Slapshot by Drew Doughty.
16:47 of 2nd period - Shot Misses the Net.
16:49 of 2nd period - Snap shot by Andrew MacDonald.
16:49 of 2nd period - Shot Blocked by Drew Fata.
16:51 of 2nd period - Wrist shot by Andrew MacDonald.
16:51 of 2nd period - Shot Blocked by Antoine Vermette.
17:01 of 2nd period - Ian White is hit by Nick Palmieri and loses puck.
17:53 of 2nd period - Stefan Ruzicka is hit by Evgeny Artyukhin and loses puck.
18:06 of 2nd period - Nate Prosser is hit by Antoine Vermette and loses puck.
18:13 of 2nd period - Slapshot by Brian Lee.
18:13 of 2nd period - Stopped by Brent Krahn without a rebound.
18:14 of 2nd period - John Tavares wins face-off versus Luke Adam in Sharks zone.
19:02 of 2nd period - Johnny Oduya is hit by Maxim Kondratiev and loses puck.
19:45 of 2nd period - Snap shot by John Tavares.
19:45 of 2nd period - Stopped by Brent Krahn with a rebound.
19:47 of 2nd period - Snap shot by John Tavares.
19:47 of 2nd period - Shot Misses the Net.
19:49 of 2nd period - Wrist shot by B.J. Crombeen.
19:49 of 2nd period - Shot Misses the Net.
19:51 of 2nd period - Wrist shot by Brian Lee.
19:51 of 2nd period - Deflect By Andrej Sekera.
19:51 of 2nd period - Stopped by Brent Krahn with a rebound.
Goals for this period are 1 for Stars vs 1 for Sharks.
Shots for this period are 17 for Stars vs 12 for Sharks.
3rd period
0:01 of 3rd period - Milan Michalek wins face-off versus Antoine Vermette in neutral zone.
0:04 of 3rd period - Jussi Jokinen is hit by T.J. Hensick and loses puck.
0:12 of 3rd period - Off-side.
0:13 of 3rd period - Milan Michalek wins face-off versus Jussi Jokinen in neutral zone.
0:18 of 3rd period - Wrist shot by Jussi Jokinen.
0:18 of 3rd period - Shot Misses the Net.
0:20 of 3rd period - Snap shot by Drew Fata.
0:20 of 3rd period - Deflect By Jussi Jokinen.
0:20 of 3rd period - Shot Blocked by Andrew MacDonald.
0:20 of 3rd period - Puck is out of play.
0:21 of 3rd period - Antoine Vermette wins face-off versus T.J. Hensick in Sharks zone.
1:27 of 3rd period - Minor Penalty to Maxim Afinogenov for Hooking.
1:28 of 3rd period - Stefan Ruzicka wins face-off versus Guillaume Latendresse in Sharks zone.
1:36 of 3rd period - John Tavares is hit by Rob Schremp and loses puck.
3:27 of 3rd period - Penalty to Maxim Afinogenov is over, Maxim Afinogenov is back on ice.
3:37 of 3rd period - Wrist shot by Cory Emmerton.
3:37 of 3rd period - Stopped by Brent Krahn with a rebound.
3:43 of 3rd period - Wrist shot by Cory Emmerton.
3:43 of 3rd period - Shot Misses the Net.
3:53 of 3rd period - Slapshot by Adam Larsson.
3:53 of 3rd period - Stopped by Jhonas Enroth with a rebound.
3:59 of 3rd period - Nate Prosser is hit by Evgeny Grachev and loses puck.
4:23 of 3rd period - Luke Adam is hit by Dustin Penner and loses puck.
4:47 of 3rd period - Wrist shot by T.J. Hensick.
4:47 of 3rd period - Shot Blocked by Johnny Oduya.
4:49 of 3rd period - Wrist shot by T.J. Hensick.
4:49 of 3rd period - Shot Misses the Net.
4:51 of 3rd period - Snap shot by Maxim Afinogenov.
4:51 of 3rd period - Shot Misses the Net.
4:53 of 3rd period - Slapshot by Andrej Sekera.
4:53 of 3rd period - Deflect By T.J. Hensick.
4:53 of 3rd period - Shot Misses the Net.
4:53 of 3rd period - Puck is out of play.
4:54 of 3rd period - T.J. Hensick wins face-off versus Cory Emmerton in Stars zone.
5:31 of 3rd period - Snap shot by Jussi Jokinen.
5:31 of 3rd period - Stopped by Brent Krahn without a rebound.
5:32 of 3rd period - Antoine Vermette wins face-off versus Luke Adam in Sharks zone.
5:59 of 3rd period - Snap shot by Oskar Osala.
5:59 of 3rd period - Stopped by Jhonas Enroth without a rebound.
6:00 of 3rd period - Rob Schremp wins face-off versus John Tavares in Stars zone.
6:08 of 3rd period - Off-side.
6:09 of 3rd period - John Tavares wins face-off versus T.J. Hensick in neutral zone.
6:20 of 3rd period - Drew Doughty is hit by Brian Lee.
6:44 of 3rd period - Snap shot by Jussi Jokinen.
6:44 of 3rd period - Shot Blocked by Nick Palmieri.
6:46 of 3rd period - Slapshot by Johnny Oduya.
6:46 of 3rd period - Deflect By Nick Palmieri.
6:46 of 3rd period - Stopped by Brent Krahn without a rebound.
6:47 of 3rd period - T.J. Hensick wins face-off versus Cory Emmerton in Sharks zone.
6:47 of 3rd period - T.J. Hensick is hit by Patrick Sharp.
7:09 of 3rd period - Minor Penalty to Drew Fata for Holding.
7:10 of 3rd period - Luke Adam wins face-off versus John Tavares in Stars zone.
7:17 of 3rd period - Snap shot by Maxim Afinogenov.
7:17 of 3rd period - Shot Misses the Net.
7:31 of 3rd period - Andrew MacDonald is hit by John Tavares and loses puck.
7:38 of 3rd period - Guillaume Latendresse is hit by Maxim Afinogenov and loses puck.
7:43 of 3rd period - Wrist shot by Maxim Afinogenov.
7:43 of 3rd period - Stopped by Jhonas Enroth without a rebound.
7:44 of 3rd period - John Tavares wins face-off versus T.J. Hensick in Stars zone.
9:09 of 3rd period - Penalty to Drew Fata is over, Drew Fata is back on ice.
9:12 of 3rd period - Wrist shot by Antoine Vermette.
9:12 of 3rd period - Shot Misses the Net.
9:18 of 3rd period - Dustin Penner is hit by Oskar Osala and loses puck.
9:51 of 3rd period - Stefan Ruzicka is hit by Jussi Jokinen.
10:27 of 3rd period - B.J. Crombeen is hit by Nick Palmieri and loses puck.
10:42 of 3rd period - Milan Michalek is hit by Drew Fata and loses puck.
10:50 of 3rd period - Snap shot by Cory Emmerton.
10:50 of 3rd period - Deflect By Patrick Sharp.
10:50 of 3rd period - Stopped by Brent Krahn without a rebound.
10:51 of 3rd period - Stefan Ruzicka wins face-off versus Antoine Vermette in Sharks zone.
10:59 of 3rd period - Minor Penalty to Michael Grabner for Hooking.
11:00 of 3rd period - John Tavares wins face-off versus Luke Adam in Stars zone.
11:36 of 3rd period - Slapshot by T.J. Hensick.
11:36 of 3rd period - Goal by T.J. Hensick - Stars : 1 - Sharks : 2.
11:37 of 3rd period - T.J. Hensick wins face-off versus Antoine Vermette in neutral zone.
11:42 of 3rd period - Icing by Ian White.
11:43 of 3rd period - Antoine Vermette wins face-off versus T.J. Hensick in Stars zone.
11:43 of 3rd period - Antoine Vermette is hit by T.J. Hensick.
11:51 of 3rd period - Snap shot by T.J. Hensick.
11:51 of 3rd period - Stopped by Jhonas Enroth without a rebound.
11:52 of 3rd period - T.J. Hensick wins face-off versus B.J. Crombeen in Stars zone.
12:27 of 3rd period - Minor Penalty to Drew Fata for Holding.
12:28 of 3rd period - Luke Adam wins face-off versus John Tavares in Stars zone.
12:28 of 3rd period - Wrist shot by Maxim Afinogenov.
12:28 of 3rd period - Stopped by Jhonas Enroth with a rebound.
12:30 of 3rd period - Slapshot by Drew Doughty.
12:30 of 3rd period - Deflect By Luke Adam.
12:30 of 3rd period - Stopped by Jhonas Enroth without a rebound.
12:31 of 3rd period - John Tavares wins face-off versus Luke Adam in Stars zone.
13:07 of 3rd period - Guillaume Latendresse is hit by Maxim Afinogenov and loses puck.
13:57 of 3rd period - Slapshot by Drew Doughty.
13:57 of 3rd period - Stopped by Jhonas Enroth with a rebound.
13:59 of 3rd period - Slapshot by Drew Doughty.
13:59 of 3rd period - Stopped by Jhonas Enroth with a rebound.
14:01 of 3rd period - Slapshot by Luke Adam.
14:01 of 3rd period - Shot Misses the Net.
14:03 of 3rd period - Slapshot by Drew Doughty.
14:03 of 3rd period - Shot Misses the Net.
14:27 of 3rd period - Penalty to Drew Fata is over, Drew Fata is back on ice.
14:40 of 3rd period - Icing by Brian Lee.
14:41 of 3rd period - Stefan Ruzicka wins face-off versus John Tavares in Stars zone.
14:48 of 3rd period - Wrist shot by Stefan Ruzicka.
14:48 of 3rd period - Shot Misses the Net.
14:50 of 3rd period - Slapshot by Oskar Osala.
14:50 of 3rd period - Goal by Oskar Osala - Stars : 1 - Sharks : 3.
14:51 of 3rd period - Rob Schremp wins face-off versus Antoine Vermette in neutral zone.
15:02 of 3rd period - Wrist shot by Stefan Ruzicka.
15:02 of 3rd period - Deflect By Oskar Osala.
15:02 of 3rd period - Shot Misses the Net.
15:02 of 3rd period - Puck is out of play.
15:03 of 3rd period - Rob Schremp wins face-off versus Cory Emmerton in Stars zone.
15:39 of 3rd period - Icing by Jordan LaVallee.
15:40 of 3rd period - Cory Emmerton wins face-off versus Darren Helm in Sharks zone.
16:09 of 3rd period - Slapshot by Jiri Tlusty.
16:09 of 3rd period - Shot Misses the Net.
16:11 of 3rd period - Wrist shot by Jordan LaVallee.
16:11 of 3rd period - Stopped by Jhonas Enroth with a rebound.
16:13 of 3rd period - Wrist shot by Jiri Tlusty.
16:13 of 3rd period - Stopped by Jhonas Enroth without a rebound.
16:14 of 3rd period - Antoine Vermette wins face-off versus Rob Schremp in Stars zone.
16:48 of 3rd period - Snap shot by John Tavares.
16:48 of 3rd period - Stopped by Brent Krahn with a rebound.
16:50 of 3rd period - Slapshot by Niklas Hjalmarsson.
16:50 of 3rd period - Stopped by Brent Krahn with a rebound.
16:52 of 3rd period - Wrist shot by John Tavares.
16:52 of 3rd period - Stopped by Brent Krahn with a rebound.
17:12 of 3rd period - Slapshot by Jussi Jokinen.
17:12 of 3rd period - Shot Blocked by Maxim Afinogenov.
17:22 of 3rd period - Snap shot by Dustin Penner.
17:22 of 3rd period - Stopped by Brent Krahn with a rebound.
17:34 of 3rd period - Wrist shot by Milan Michalek.
17:34 of 3rd period - Shot Misses the Net.
17:36 of 3rd period - Snap shot by Andrew MacDonald.
17:36 of 3rd period - Shot Blocked by Johnny Oduya.
17:44 of 3rd period - Slapshot by Drew Doughty.
17:44 of 3rd period - Deflect By T.J. Hensick.
17:44 of 3rd period - Stopped by Jhonas Enroth with a rebound.
17:46 of 3rd period - Wrist shot by T.J. Hensick.
17:46 of 3rd period - Stopped by Jhonas Enroth with a rebound.
17:48 of 3rd period - Snap shot by Maxim Afinogenov.
17:48 of 3rd period - Stopped by Jhonas Enroth without a rebound.
17:49 of 3rd period - Rob Schremp wins face-off versus Cory Emmerton in Stars zone.
18:01 of 3rd period - Wrist shot by Cory Emmerton.
18:01 of 3rd period - Shot Misses the Net.
18:03 of 3rd period - Wrist shot by Cory Emmerton.
18:03 of 3rd period - Shot Misses the Net.
18:05 of 3rd period - Wrist shot by Drew Fata.
18:05 of 3rd period - Stopped by Brent Krahn without a rebound.
18:06 of 3rd period - Michael Grabner wins face-off versus Luke Adam in Sharks zone.
18:13 of 3rd period - Slapshot by Jussi Jokinen.
18:13 of 3rd period - Shot Blocked by Nikolai Kulemin.
18:15 of 3rd period - Wrist shot by Michael Grabner.
18:15 of 3rd period - Shot Misses the Net.
18:19 of 3rd period - Snap shot by Antoine Vermette.
18:19 of 3rd period - Shot Blocked by Luke Adam.
18:21 of 3rd period - Wrist shot by Drew Fata.
18:21 of 3rd period - Stopped by Brent Krahn without a rebound.
18:22 of 3rd period - Cory Emmerton wins face-off versus Stefan Ruzicka in Sharks zone.
18:31 of 3rd period - Wrist shot by Cory Emmerton.
18:31 of 3rd period - Stopped by Brent Krahn with a rebound.
18:33 of 3rd period - Snap shot by Patrick Sharp.
18:33 of 3rd period - Deflect By Cory Emmerton.
18:33 of 3rd period - Stopped by Brent Krahn without a rebound.
18:34 of 3rd period - Cory Emmerton wins face-off versus Rob Schremp in Sharks zone.
18:39 of 3rd period - Slapshot by Cory Emmerton.
18:39 of 3rd period - Shot Misses the Net.
18:41 of 3rd period - Slapshot by Drew Fata.
18:41 of 3rd period - Deflect By Alex Chiasson.
18:41 of 3rd period - Shot Misses the Net.
18:41 of 3rd period - Puck is out of play.
18:42 of 3rd period - Cory Emmerton wins face-off versus Rob Schremp in Sharks zone.
Goals for this period are 0 for Stars vs 2 for Sharks.
Shots for this period are 12 for Stars vs 15 for Sharks.
Back to the Top